 Dungeon Crawl Stone Soup version 0.30.0-5-g1a98f26d00 (console) character file.

Game seed: 8748367853127688116

3150 jejorda2 the Slicer (level 9, -4/48 HPs)
             Began as a Vine Stalker Berserker on May 8, 2023.
             Was a Priest of Trog.
             Slain by a fire bat (8 damage)
             ... on level 2 of the Abyss.
             The game lasted 00:13:02 (5712 turns).

jejorda2 the Slicer (Vine Stalker Berserker)        Turns: 5712, Time: 00:13:03

Health: -4/48      AC: 10    Str: 25    XL:     9   Next: 93%
Magic:  0/10       EV:  9    Int:  7    God:    Trog [***...]
Gold:   236        SH:  0    Dex: 13    Spells: 8/8 levels left

rFire   . . .        b - +1 dagger (elec)
rCold   . . .        (no shield)
rNeg    . . .        w - +0 chain mail
rPois   .            (no helmet)
rElec   .            t - scarf {repulsion}
rCorr   .            (no gloves)
SInv    .            (no boots)
Will    +....        (no amulet) Stlth
                     (no ring)
HPRegen 1.08/turn    (no ring)
MPRegen 0.12/turn

%: repel missiles, guardian spirit
@: no status effects
A: fangs 3, regeneration 1, magic shield, antimagic bite, no potion heal 2
a: Renounce Religion, Berserk, Trog's Hand


You were on level 2 of the Abyss.
You worshipped Trog.
Trog was most pleased with you.
You visited 1 branch of the dungeon, and saw 6 of its levels.
You visited the Abyss 1 time.

You collected 236 gold pieces.

Inventory:

Hand Weapons
 a - a +0 dagger of venom
 b - a +1 dagger of electrocution (weapon)
 g - a +0 dagger
Missiles
 n - 25 stones (quivered)
 o - 9 poisoned darts
 r - a throwing net
 G - 9 boomerangs
Armour
 t - a scarf of repulsion (worn)
 w - a +0 chain mail (worn)
Jewellery
 d - a ring of fire
 v - a +6 ring of strength
Wands
 y - a wand of flame (18)
 F - a wand of paralysis (7)
Scrolls
 c - 9 scrolls of identify {unknown}
 e - 3 scrolls of enchant armour {unknown}
 h - 6 scrolls of teleportation {unknown}
 i - 4 scrolls of immolation {unknown}
 j - 3 scrolls of fear {unknown}
 k - a scroll of noise {unknown}
 m - 3 scrolls of amnesia {unknown}
 x - 3 scrolls of enchant weapon {unknown}
 A - a scroll of butterflies {unknown}
 B - 3 scrolls of poison {unknown}
 C - 2 scrolls of magic mapping {unknown}
Potions
 f - 7 potions of curing {unknown}
 l - 4 potions of cancellation {unknown}
 p - 2 potions of degeneration {unknown}
 q - 2 potions of haste {unknown}
 s - a potion of brilliance {unknown}
 u - a potion of attraction {unknown}
 z - a potion of might
 D - 2 potions of invisibility {unknown}
 E - a potion of heal wounds {unknown}


   Skills:
 - Level 6.0 Fighting
 - Level 10.0 Short Blades
 + Level 5.6 Armour
 - Level 1.5 Dodging


You had 8 spell levels left.
You didn't know any spells.
Your spell library was empty.

Dungeon Overview and Level Annotations

Branches:
Dungeon (6/15)
 Temple: D:4-7

Altars:
Cheibriados
Yredelemnul

Annotations:
D:6 Darkkill's ghost, amateur MiHu


Innate Abilities, Weirdness & Mutations

You have razor-sharp teeth.
Your natural rate of healing is unusually fast.
When hurt, damage is shared between your health and your magic reserves.
Your bite disrupts and absorbs the magic of your enemies.
Potions cannot restore your health.


Message History

The quasit barely misses you.
The quasit claws you but does no damage.
You miss the quasit. Your bite misses the quasit.
The quasit bites you but does no damage.
The quasit claws you but does no damage.
The quasit closely misses you.
You miss the quasit. You hit the quasit but do no damage.
Lightning courses through the quasit!
You kill the quasit!
Trog accepts your kill.
You recover from your berserk rage.
There is an open translucent gate here.
A fire bat comes into view.
A fire bat comes into view.
A deep elf sorcerer comes into view. It is wielding a +0 dagger.
The deep elf sorcerer shouts!
The fire bat bites you but does no damage.
You hit the fire bat. Your punch misses the fire bat. You bite the fire bat.
You drain its power.
The fire bat is moderately wounded.
The fire bat bites you.
You are engulfed in flames!
You hit the fire bat but do no damage. Lightning courses through the fire bat!
The fire bat is almost dead.
The fire bat completely misses you.
The fire bat bites you but does no damage.
The deep elf sorcerer gestures wildly while chanting.
The deep elf sorcerer seems to speed up.
You hit the fire bat but do no damage.
A fire bat comes into view.
The fire bat bites you but does no damage.
The fire bat bites you but does no damage.
The deep elf sorcerer casts a spell at you.
The sphere of damnation explodes!
The damnation engulfs you!!!
Ouch! That really hurt!
* * * LOW HITPOINT WARNING * * *
You hear a roar!
You hear a chilling moan.
You hear a roar!
The fire bat bites you.
* * * LOW HITPOINT WARNING * * *
You are engulfed in flames!
You die...

.###.. #.#.e. #.
..# . #.# #.##.#
# # # #..#....###
.## . #..b.....#
.# 8. #.# ##
#.b...# . .. .###
#.#.....+ . # '.#
####.#@...# . .
..'..##.#.#.b...#
.### '...
#..##....# ..
......#.#.#
.....# .. . #.
.....#.####..
....... .##...#.
... #.#
.......##. ....
##.#. .. ... #.
#.#. #. .##...#


You could see a deep elf sorcerer (fast) and 3 fire bats.

Vanquished Creatures
  Pikel (D:4)
  A deep elf zephyrmancer (D:6)
  Grinder (D:5)
  Sigmund (D:5)
  A water moccasin (D:6)
  2 ice beasts
  A black bear (D:4)
  An ogre (D:6)
  3 phantoms
  4 lemures (D:4)
  A kobold brigand (D:6)
  2 bullfrogs (D:6)
  2 scorpions
  5 killer bees (D:6)
  A quasit (Abyss:2)
  A jelly (D:5)
  An orc priest (D:5)
  Jessica (D:2)
  A sleepcap (D:5)
  Ijyb (D:5)
  5 iguanas
  3 orc wizards
  3 gnolls (D:2)
  10 adders
  A shadow imp (D:5)
  2 white imps
  4 ufetubi
  2 worms (D:2)
  2 dart slugs
  21 orcs
  10 ball pythons
  11 endoplasms
  8 giant cockroaches
  9 hobgoblins
  5 jackals
  5 quokkas
  5 bats
  3 frilled lizards (D:3)
  9 goblins
  12 kobolds
  7 rats
169 creatures vanquished.

Notes
Turn   | Place    | Note
-------+----------+-------------------------------------------
     0 | D:1      | jejorda2 the Vine Stalker Berserker began the quest for the
                  | Orb.
     0 | D:1      | Reached XP level 1. HP: 11/11 MP: 2/2
   224 | D:1      | Reached skill level 3 in Short Blades
   253 | D:1      | Found a faded altar of an unknown god.
   273 | D:1      | Reached XP level 2. HP: 1/16 MP: 0/3
   533 | D:1      | Reached XP level 3. HP: 17/20 MP: 2/4
  1041 | D:2      | Noticed Jessica
  1051 | D:2      | Killed Jessica
  1052 | D:2      | Reached skill level 4 in Short Blades
  1052 | D:2      | Gained mutation: Your natural rate of healing is unusually
                  | fast. [Vine Stalker growth]
  1052 | D:2      | Reached XP level 4. HP: 12/24 MP: 2/5
  1288 | D:2      | Reached ** piety under Trog
  1526 | D:2      | Reached XP level 5. HP: 23/28 MP: 3/6
  2418 | D:3      | Reached skill level 5 in Short Blades
  2544 | D:3      | Reached XP level 6. HP: 30/33 MP: 7/7
  2983 | D:4      | Noticed a black bear
  2985 | D:4      | Killed a black bear
  3072 | D:4      | Reached skill level 6 in Short Blades
  3072 | D:4      | Reached XP level 7. HP: 38/38 MP: 8/8
  3369 | D:4      | Noticed Pikel
  3380 | D:4      | Killed Pikel
  3381 | D:4      | Reached skill level 5 in Fighting
  3381 | D:4      | Reached skill level 7 in Short Blades
  3381 | D:4      | Gained mutation: You have razor-sharp teeth. [Vine Stalker
                  | growth]
  3381 | D:4      | Reached XP level 8. HP: 26/44 MP: 4/9
  3722 | D:5      | Entered Level 5 of the Dungeon
  3776 | D:5      | Noticed Sigmund
  3786 | D:5      | Killed Sigmund
  3790 | D:5      | Reached skill level 8 in Short Blades
  4084 | D:5      | Found a snail-covered altar of Cheibriados.
  4192 | D:5      | Found a basalt altar of Yredelemnul.
  4192 | D:5      | Noticed Grinder
  4199 | D:5      | Killed Grinder
  4265 | D:5      | Noticed Ijyb
  4279 | D:5      | Killed Ijyb
  4280 | D:5      | Reached XP level 9. HP: 46/48 MP: 10/10
  4363 | D:5      | Reached skill level 9 in Short Blades
  4371 | D:5      | Reached *** piety under Trog
  5117 | D:6      | Found a runed translucent gate.
  5117 | D:6      | Found a runed translucent gate.
  5117 | D:6      | Noticed Darkkill's ghost (amateur MiHu)
  5119 | D:6      | Found a runed translucent gate.
  5192 | D:6      | Reached skill level 10 in Short Blades
  5348 | D:6      | Noticed a deep elf zephyrmancer
  5353 | D:6      | Killed a deep elf zephyrmancer
  5354 | D:6      | Reached skill level 5 in Armour
  5629 | Abyss:2  | Cast into level 2 of the Abyss (kobold brigand)
  5707 | Abyss:2  | Noticed a deep elf sorcerer
  5712 | Abyss:2  | Slain by a fire bat

Illustrated notes

Levels and vault maps discovered:
D:1:      lemuel_arrival_hallway, layout_basic,
          dreamdust_ecumenical_altar_grove, columned_hall_lemuel,
          minmay_pentomino_s4
D:2:      layout_basic, dreamdust_princess_corridor,
          nicolae_concentric_dashed_squares_mild, hangedman_decor_lopped,
          chequers_serial_rivers_large_b, st_stairs_3, minivault_19,
          palyth_stone_intersect, nicolae_half_adder, uniq_jessica
D:3:      layout_basic, nrook_campfire, kennysheep_pointless_box,
          minmay_mini_jars
D:4:      layout_basic, minmay_misc_feat_doors, uniq_pikel
D:5:      layout_loops_ring, mainiacjoe_overflow_boulevard,
          yredelemnul_altar_generic, uniq_sigmund, uniq_ijyb, uniq_grinder
D:6:      layout_basic, gammafunk_ghost_nasty_kobolds, guppyfry_early_elven_hall
Abyss:2:  base: D:3, minivault_13

Skill      XL: |  1  2  3  4  5  6  7  8  9 |
---------------+----------------------------+-----
Short Blades   | 3 4 5 6 7 8 10 | 10.0
Fighting       | 3 4 5 6 |  6.0
Armour         | 2 5 |  5.6
Dodging        | |  1.5

Action                     |  1- 3 |  4- 6 |  7- 9 || total
---------------------------+-------+-------+-------++-------
  Melee: Dagger            |    89 |   206 |   292 ||   587
         Bite              |    26 |    39 |    94 ||   159
         Short sword       |     4 |       |       ||     4
         Punch             |       |     4 |     7 ||    11
  Throw: Stone             |       |     4 |    13 ||    17
 Invoke: Berserk           |     3 |     2 |     9 ||    14
         Trog's Hand       |       |     1 |     5 ||     6
 Armour: Leather armour    |    13 |       |       ||    13
         Animal skin       |     3 |       |       ||     3
         Ring mail         |     8 |    30 |       ||    38
         Chain mail        |       |    37 |    77 ||   114
  Dodge: Dodged            |    69 |    80 |    67 ||   216
         Repelled          |       |       |     1 ||     1
